 Dungeon Crawl Stone Soup version 0.24-a0-462-ge24419a6ad (console) character file.

Game seed: 1601529900514139950

294 Lexodia the Magician (level 6, -14/32 HPs)
             Began as a Deep Elf Ice Elementalist on July 1, 2019.
             Was a Follower of Nemelex Xobeh.
             Demolished by an ogre
             ... wielding a +0 giant spiked club
              (23 damage)
             ... on level 4 of the Dungeon.
             The game lasted 00:12:06 (3107 turns).

Lexodia the Magician (Deep Elf Ice Elementalist)    Turns: 3107, Time: 00:12:07

Health: -14/32     AC: 11    Str:  5    XL:     6   Next: 11%
Magic:  4/15       EV: 13    Int: 22    God:    Nemelex Xobeh [*.....]
Gold:   193        SH:  0    Dex: 15    Spells: 8/14 levels left

rFire    . . .     SeeInvis .   (no weapon)
rCold    . . .     Gourm    .   (no shield)
rNeg     . . .     Faith    .   n - +0 leather armour (curse)
rPois    .         Spirit   .   (no helmet)
rElec    .         Reflect  .   h - +0 cloak
rCorr    +         Harm     .   (no gloves)
MR       .....                  b - +0 pair of boots (curse)
Stlth    ++........             (no amulet)
HPRegen  0.10/turn              l - ring of resist corrosion
MPRegen  0.14/turn              (no ring)

@: icy armour, very slightly contaminated
A: no striking features
a: Draw Escape, Draw Destruction, Draw Summoning, Renounce Religion


You were on level 4 of the Dungeon.
You worshipped Nemelex Xobeh.
Nemelex Xobeh was aware of your devotion.
You were not hungry.

You visited 1 branch of the dungeon, and saw 4 of its levels.

You collected 193 gold pieces.

Inventory:

Armour
 a - a +0 robe
 b - a cursed +0 pair of boots (worn)
 h - a +0 cloak (worn)
 n - a cursed +0 leather armour (worn)
Jewellery
 l - a ring of resist corrosion (left hand)
Scrolls
 d - 5 scrolls of identify {unknown}
 e - 2 scrolls of enchant weapon {unknown}
 f - 2 scrolls of magic mapping {unknown}
 g - 3 scrolls of fog {unknown}
 k - a scroll of blinking {unknown}
 m - 2 scrolls of remove curse {unknown}
 p - a scroll of noise {unknown}
 s - a scroll of teleportation {unknown}
Potions
 i - a potion of brilliance {unknown}
 j - 3 potions of curing {unknown}
 o - a potion of haste {unknown}
 q - a potion of heal wounds {unknown}
Comestibles
 c - 6 rations
 r - 3 chunks of flesh


   Skills:
 + Level 4.1 Dodging
 - Level 3.0 Stealth
 + Level 4.7 Spellcasting
 + Level 2.9 Conjurations
 + Level 2.5 Charms
 + Level 4.6 Ice Magic
 + Level 0.0 Invocations


You had 8 spell levels left.
You knew the following spells:

 Your Spells              Type           Power        Failure   Level  Hunger
a - Freeze                Ice            ####         2%          1    None
b - Throw Frost           Conj/Ice       ###...       5%          2    None
c - Ozocubu's Armour      Chrm/Ice       ###.....     12%         3    ##.....

Your spell library contained the following spells:

 Spells                   Type           Power        Failure   Level  Hunger
 Animate Skeleton         Necr           N/A          17%         1    None
 Apportation              Tloc           #.....       17%         1    None
 Beastly Appendage        Tmut           #.....       17%         1    None
 Confusing Touch          Hex            #.....       17%         1    None
 Summon Small Mammal      Summ           #...         17%         1    None
 Sticks to Snakes         Tmut           #.......     26%         2    None
 Throw Icicle             Conj/Ice       ###.....     36%         4    ####...
 Spider Form              Tmut/Pois      #.........   45%         3    ##.....
 Ice Form                 Ice/Tmut       ###.....     54%         4    ####...
 Summon Ice Beast         Ice/Summ       ###.....     54%         4    ####...
 Blade Hands              Tmut           #.........   99%         5    #####..


Dungeon Overview and Level Annotations

Branches:
Dungeon (4/15)
 Temple: D:4-7

Altars:
Cheibriados
Nemelex Xobeh
Zin
The Shining One


Message History

Aim: an ogre, wielding a +0 giant spiked club (moderately wounded)
You freeze the ogre.
The ogre is moderately wounded.
The ogre hits you with a +0 giant spiked club!
* * * LOW HITPOINT WARNING * * *
Huge Dmg: -31%(-10hp) hp: 29%(9hp)
Casting: Freeze (safe; 2% risk of failure)
Confirm with . or Enter, or press ? or * to list all spells.
A film of ice covers your body!
Casting: Ozocubu's Armour (safe; 12% risk of failure)
Confirm with . or Enter, or press ? or * to list all spells.
Aiming: Freeze (safe; 2% risk of failure)
Press: ? - help, Shift-Dir - straight line, f/p - ogre
Aim: an ogre, wielding a +0 giant spiked club (moderately wounded)
You freeze the ogre!
The ogre is heavily wounded.
The ogre hits you with a +0 giant spiked club!!
Ouch! That really hurt!
You die...
Your body disappears without a glow.

############
##$.$.......##
##............#
#..............
.^.....@O......
...............
..............)
...............
##............#
#.............
#....#..##....
#....#..# .###


You could see an ogre.

Vanquished Creatures
  Sigmund (D:3)
  4 gnolls (D:3)
  2 adders
  A dart slug (D:2)
  5 worms
  A leopard gecko (D:1)
  An orc (D:3)
  3 giant cockroaches
  7 goblins
  8 hobgoblins
  4 jackals (D:1)
  2 quokkas
  A ball python (D:1)
  6 bats
  4 frilled lizards
  5 kobolds
  5 rats
60 creatures vanquished.

Notes
Turn   | Place    | Note
-------+----------+-------------------------------------------
     0 | D:1      | Lexodia the Deep Elf Ice Elementalist began the quest for
                  | the Orb.
     0 | D:1      | Reached XP level 1. HP: 10/10 MP: 6/6
    25 | D:1      | Huge Dmg: 4 dmg
    27 | D:1      | Huge Dmg: 2 dmg
   202 | D:1      | Huge Dmg: 3 dmg
   202 | D:1      | Reached XP level 2. HP: 9/15 MP: 4/8
   204 | D:1      | Huge Dmg: 5 dmg
   532 | D:1      | Learned a level 2 spell: Throw Frost
   912 | D:2      | Huge Dmg: 4 dmg
   953 | D:2      | Found a sparkling altar of Nemelex Xobeh.
   958 | D:2      | Became a worshipper of Nemelex Xobeh the Trickster
   967 | D:2      | Received a gift from Nemelex Xobeh
  1005 | D:2      | Huge Dmg: 3 dmg
  1100 | D:2      | Reached XP level 3. HP: 16/19 MP: 5/9
  1117 | D:2      | Found a glowing golden altar of the Shining One.
  1149 | D:2      | Learned a level 3 spell: Ozocubu's Armour
  1389 | D:2      | Huge Dmg: 5 dmg
  1671 | D:2      | Found a glowing silver altar of Zin.
  1711 | D:2      | Reached * piety under Nemelex Xobeh
  1955 | D:3      | Huge Dmg: 4 dmg
  1985 | D:3      | Huge Dmg: 5 dmg
  1991 | D:3      | Huge Dmg: 5 dmg
  2000 | D:3      | Noticed Sigmund
  2211 | D:3      | Huge Dmg: 8 dmg
  2214 | D:3      | Reached XP level 4. HP: 14/24 MP: 5/11
  2219 | D:3      | Huge Dmg: 7 dmg
  2458 | D:3      | Huge Dmg: 9 dmg
  2608 | D:3      | Killed Sigmund
  2608 | D:3      | Reached XP level 5. HP: 24/28 MP: 0/13
  2624 | D:3      | Huge Dmg: 6 dmg
  2630 | D:3      | Huge Dmg: 7 dmg
  2751 | D:3      | Found a snail-covered altar of Cheibriados.
  2765 | D:3      | Reached XP level 6. HP: 15/32 MP: 3/15
  2776 | D:3      | Huge Dmg: 3 dmg
  3053 | D:3      | Huge Dmg: 9 dmg
  3106 | D:4      | Huge Dmg: 10 dmg
  3107 | D:4      | Demolished by an ogre

Levels and vault maps discovered:
D:1:      dpeg_arrival_round_c, layout_loops_corners, minmay_tall_x
D:2:      layout_loops_corners, nicolae_overflow_hidden_temple, zin_scriptorium,
          nemelex_diamond_rough_becter
D:3:      layout_rooms, lemuel_doored_altar, first_ration, chequers_jeans,
          uniq_sigmund
D:4:      cheibrodos_barr_body, layout_rooms, ebering_ghost_sewer_f,
          corexii_shack, uniq_edmund, uniq_duvessa, uniq_ijyb

Skill      XL: |  1  2  3  4 |
---------------+-------------+-----
Stealth        | 3 |  3.0
Dodging        | 3 4 |  4.1
Ice Magic      | 4 |  4.6
Conjurations   | 2 |  2.9
Spellcasting   | 4 |  4.7
Charms         | 2 |  2.5

Action                   |  1- 3 |  4- 6 || total
-------------------------+-------+-------++-------
Melee: Unarmed           |    82 |    58 ||   140
 Cast: Freeze            |    38 |    36 ||    74
       Throw Frost       |    29 |    10 ||    39
       Ozocubu's Armour  |     2 |     3 ||     5
 Stab: Sleeping          |     2 |     1 ||     3
  Eat: Chunk             |     5 |     3 ||     8
Armor: Robe              |    44 |     5 ||    49
       Leather armour    |       |    28 ||    28
Dodge: Dodged            |   100 |    59 ||   159

Table legend:
 A = Non-vault XP
 B = Vault XP
 C = Vault XP percentage of total XP
 D = Non-vault monster count
 E = Vault monster count
 F = Vault count percentage of total count
                 A         B        C        D         E       F
            +---------+---------+-------+---------+---------+-------
      Total |     183 |     238 |  56.5 |      55 |       5 |   8.3
            +---------+---------+-------+---------+---------+-------
        D:1 |      21 |       7 |  25.0 |      13 |       4 |  23.5
        D:2 |      50 |       0 |   0.0 |      21 |       0 |   0.0
        D:3 |     110 |     231 |  67.7 |      20 |       1 |   4.8
        D:4 |       2 |       0 |   0.0 |       1 |       0 |   0.0
            +---------+---------+-------+---------+---------+-------
